Map: Dead of Night

Players

monk

  • Race: Protoss Protoss
  • Spawn Location: 0:00

sTkmonk

  • Race: Terran Terran
  • Spawn Location: 0:00

VOD

Have the link to the VOD?

Description

Time

  • Played on: July 16, 2017, 9:43 a.m.
  • Length: 29:39
Show
View Real Time Build Order
Export as new Build Order

monk Protoss 

Build Orders:  

Get SALT Encoding   

  12  0:01  Probe (Chrono Boost)  
  13  0:13  Probe (Chrono Boost)  
  14  0:22  Probe (Chrono Boost)  
  15  0:34  Pylon  
  15  0:37  Probe (Chrono Boost)  
  16  0:46  Probe (Chrono Boost)  
  16  0:49  Assimilator  
  17  0:56  Probe (Chrono Boost)  
  18  1:03  Assimilator  
  18  1:06  Probe (Chrono Boost)  
  19  1:16  Probe (Chrono Boost)  
  20  1:26  Probe (Chrono Boost)  
  20  1:29  Assimilator  
  21  1:35  Probe (Chrono Boost)  
  22  1:45  Probe (Chrono Boost)  
  23  1:52  Pylon  
  23  1:55  Probe (Chrono Boost)  
  24  2:04  Probe (Chrono Boost)  
  24  2:07  Gateway  
  25  2:14  Probe (Chrono Boost)  
  26  2:24  Probe (Chrono Boost)  
  27  2:34  Probe (Chrono Boost)  
  28  2:43  Probe (Chrono Boost)  
  29  2:54  Probe (Chrono Boost)  
  29  2:57  Forge  
  30  3:04  Probe (Chrono Boost)  
  30  3:05  Pylon  
  31  3:14  Solar Efficiency Level 1, Probe (Chrono Boost)  
  31  3:15  Shield Battery  
  31  3:16  Shield Battery  
  32  3:25  Shield Battery, Probe (Chrono Boost)  
  33  3:34  Probe (Chrono Boost)  
  34  3:44  Probe (Chrono Boost)  
  35  3:54  Probe (Chrono Boost)  
  36  4:03  Probe (Chrono Boost), Photon Cannon  
  37  4:14  Photon Cannon  
  37  4:16  Protoss Ground Weapons Level 1  
  37  4:27  Cybernetics Core  
  37  4:35  Photon Cannon  
  37  4:50  Pylon  
  37  5:02  Solar Efficiency Level 2  
  37  5:13  Warp Gate  
  37  5:15  Energizer (Chrono Boost)  
  37  5:18  Robotics Facility  
  37  5:20  Twilight Council  
  37  5:27  Rapid Recharging  
  39  5:44  Energizer (Chrono Boost)  
  41  6:05  Pylon  
  41  6:10  Immortal (Chrono Boost)  
  41  6:19  Immortal (Chrono Boost)  
  41  6:24  Observer (Chrono Boost)  
  41  6:47  Sentinel  
  44  6:57  Protoss Ground Weapons Level 2  
  44  6:58  Sentinel  
  54  7:10  Pylon  
  54  7:12  Immortal (Chrono Boost)  
  58  7:25  Sentinel  
  60  7:56  Sentinel  
  62  8:11  Pylon  
  62  8:13  Immortal (Chrono Boost)  
  62  8:17  Pylon  
  64  8:26  Energizer  
  66  8:45  Immortal (Chrono Boost)  
  70  8:51  Robotics Bay  
  70  8:57  Sentinel  
  76  9:20  Immortal (Chrono Boost)  
  76  9:32  Immortal  
  76  9:36  Sentinel  
  76  9:37  Pylon  
  78  9:54  Pylon  
  78  10:00  Extended Thermal Lance  
  78  10:01  Fortification Barrier  
  84  10:24  Immortal  
  84  10:33  Shield Battery  
  84  10:35  Shield Battery  
  84  10:40  Shield Battery  
  90  11:03  Enhanced Targeting  
  90  11:16  Shield Battery  
  90  11:19  Immortal  
  90  11:23  Pylon  
  96  12:02  Photon Cannon  
  96  12:05  Photon Cannon  
  96  12:07  Photon Cannon  
  96  12:10  Fire Beam  
  96  12:29  Immortal  
  96  12:43  Pylon  
  96  12:45  Pylon  
  96  13:00  Photon Cannon  
  102  13:15  Photon Cannon  
  102  13:16  Protoss Ground Weapons Level 3, Photon Cannon  
  102  13:26  Shadow Cannon  
  102  13:39  Photon Cannon  
  102  13:45  Pylon  
  102  13:52  Immortal, Pylon  
  102  14:08  Pylon  
  108  14:48  Photon Cannon  
  108  14:49  Immortal (Chrono Boost)  
  108  14:50  Pylon  
  112  15:38  Immortal (Chrono Boost)  
  116  16:09  Immortal (Chrono Boost)  
  116  16:23  Sentinel  
  122  16:40  Immortal (Chrono Boost), Optimized Ordinance  
  122  17:12  Immortal (Chrono Boost)  
  122  17:14  Energizer  
  126  17:31  Sentinel, Immortal  
  128  18:09  Photon Cannon  
  134  18:10  Photon Cannon  
  134  18:13  Pylon  
  134  18:14  Immortal  
  134  18:22  Photon Cannon  
  134  18:24  Photon Cannon  
  130  18:43  Energizer  
  130  18:44  Photon Cannon  
  138  19:06  Photon Cannon  
  138  19:09  Photon Cannon x2  
  138  19:17  Immortal  
  138  19:24  Protoss Shields Level 1  
  142  20:05  Photon Cannon  
  142  20:07  Photon Cannon  
  142  20:09  Shield Battery  
  138  20:18  Photon Cannon  
  138  20:20  Photon Cannon  
  138  20:21  Photon Cannon  
  138  20:45  Photon Cannon  
  138  20:55  Pylon  
  138  21:23  Immortal (Chrono Boost), Pylon  
  138  21:39  Pylon  
  138  21:41  Observer (Chrono Boost)  
  143  22:41  Immortal  
  143  22:43  Immortal (Chrono Boost)  
  143  22:46  Protoss Shields Level 2  
  153  23:55  Immortal  
  153  23:56  Energizer  
  153  23:57  Immortal (Chrono Boost)  
  157  24:22  Sentinel  
  157  24:25  Protoss Shields Level 3  
  165  24:37  Immortal  
  165  25:08  Immortal  
  171  25:59  Immortal (Chrono Boost)  
  171  26:15  Pylon  
  171  26:17  Pylon  
  175  26:23  Probe  
  179  26:38  Probe  
  169  27:08  Pylon  
  169  27:10  Photon Cannon  
  169  27:12  Photon Cannon  
  169  27:13  Photon Cannon  
  169  27:15  Photon Cannon  
  169  27:20  Photon Cannon  
  169  27:23  Photon Cannon  
  169  27:24  Photon Cannon  
  169  27:25  Shield Battery  
  169  27:26  Shield Battery  
  169  27:30  Photon Cannon  
  169  27:31  Immortal (Chrono Boost)  
  169  27:37  Pylon  
  169  27:38  Pylon  
  169  28:02  Immortal (Chrono Boost)  
  171  28:12  Photon Cannon  
  171  28:14  Photon Cannon  
  165  28:36  Photon Cannon  
  165  28:38  Photon Cannon  
Show
View Real Time Build Order
Export as new Build Order

sTkmonk Terran 

Build Orders:  

Get SALT Encoding   

Tags
 
Commander
KaraxRaynor
Matchup
Co-op
Replay Pack
Co-op Speedrun
Add a new tag
Caveats
  • Supply blocks, unpowered buildings, or Contaminate may cause inaccurate times.
  • Supply counts are checked every 10 seconds.